 Zot Defence DCSS version 0.15.2 (webtiles) character file.

3824 Nivan the Protected (level 9, 0/5 (79) HPs)
             Began as a Minotaur Fighter on Nov 2, 2019.
             Killed by vampiric draining
             ... invoked by a vampire
              (5 damage)
             ... in the Realm of Zot (Scenario I: Hall of Zot).
             The game lasted 00:17:39 (1935 turns).

Nivan the Protected (Minotaur Fighter)              Turns: 1935, Time: 00:17:39

HP   0/5 (79)    AC  8     Str 24      XL: 9   Next: 97%
MP   4/4         EV  8     Int  5      God:
Gold 0           SH 11     Dex 10      Spells:  0 memorised,  8 levels left

rFire  . . .     SeeInvis .     a - +0 long sword
rCold  . . .     Clarity  .     b - +0 scale mail
rNeg   . . .     rCorr    .     c - +0 shield
rPois  .         rRot     .     (helmet restricted)
rElec  .         Spirit   .     (no cloak)
SustAb .         Warding  .     (no gloves)
rMut   .         Stasis   .     (no boots)
Gourm  .                        (no amulet)
MR     .....                    (no ring)
                                (no ring)

@: not resistant to hostile enchantments, extremely unstealthy
A: retaliatory headbutt, horns 2
a: Make oklob sapling, Make arrow trap, Make plant, Remove Curse, Make burning
bush, Make altar, Make grenades, Make oklob plant, Make net trap, Make ice
statue


You were in the Realm of Zot.
You were not hungry.

You visited 1 branch

Inventory:

Hand weapons
 a - a +0 long sword (weapon)
 g - a +2 great sword
Armour
 b - a +0 scale mail (worn)
 c - a +0 shield (worn)
Comestibles
 f - a bread ration
Scrolls
 k - a scroll of blinking
Potions
 d - 3 potions of curing
 e - a potion of might
 h - a potion of haste
 i - 2 potions of magic
 j - a potion of berserk rage


   Skills:
 + Level 7.5 Fighting
 + Level 8.5 Long Blades
 + Level 8.6 Armour
 + Level 7.2 Dodging
 + Level 8.6 Shields


You had 8 spell levels left.
You didn't know any spells.

Dungeon Overview and Level Annotations

Branches:
    Zot (1/1)

Altars:


Innate Abilities, Weirdness & Mutations

You reflexively headbutt those who attack you in melee.
You have a pair of horns on your head.


Message History

Unknown command.
Your flesh rots away as the Orb of Zot is desecrated.
You hit something but do no damage.
Your flesh rots away as the Orb of Zot is desecrated. x3
Your oklob plant spits acid at the vampire.
The splash of acid hits the vampire.
The vampire writhes in agony as its flesh is eaten away!
The vampire is destroyed!
Your flesh rots away as the Orb of Zot is desecrated. x3
Your flesh rots away as the Orb of Zot is desecrated.
You hit something but do no damage.
Your flesh rots away as the Orb of Zot is desecrated. x4
You headbutt something!
Your flesh rots away as the Orb of Zot is desecrated.
An arrow misses the vampire!
A vampire comes into view.
Your flesh rots away as the Orb of Zot is desecrated.
Unholy energy fills the air.
Ouch! That really hurt!
You die...

########## ######## .....####
####... ........### ###......
..........## ##........
...........# ▓▓▓▓▓▓▓▓▓ #.........
...........▓▓▓..P....▓▓▓.........
...........▓▓........)▓▓.........
...........▓...........▓)........
...........V...z@()..)%^.........
...........▓....).(....▓.........
...........▓▓......%..▓▓.........
...........▓▓▓..P.P..▓▓▓.........
...........▓ ▓▓▓▓▓▓▓▓▓ ▓.........
..........▓▓ ▓▓........
........▓▓▓ ▓▓▓...... .....▓▓▓▓
▓▓▓▓... ▓▓▓▓▓▓▓▓▓ ▓▓▓▓▓▓▓


You could see a vampire, a wight and 3 friendly oklob plants.

Vanquished Creatures
  Pikel (Zot)
  2 slime creatures (Zot)
  A vampire (Zot)
  A wight (Zot)
  3 iguanas (Zot)
  An orc priest (Zot)
  A hound (Zot)
  A worker ant (Zot)
  2 orc wizards (Zot)
  Jessica (Zot)
  A gnoll (Zot)
  2 adders (Zot)
  8 oozes (Zot)
  3 orcs (Zot)
  4 ball pythons (Zot)
  14 bats (Zot)
  7 giant cockroaches (Zot)
  7 goblins (Zot)
  8 hobgoblins (Zot)
  A jackal (Zot)
  2 giant newts (Zot)
  A giant spore (Zot)
  13 kobolds (Zot)
  2 quokkas (Zot)
  8 rats (Zot)
95 creatures vanquished.

Vanquished Creatures (collateral kills)
  A basilisk (Zot)
  A water moccasin (Zot)
  A vampire (Zot)
  Sigmund (Zot)
  An eye of draining (Zot)
  A wight (Zot)
  3 hounds (Zot)
  5 iguanas (Zot)
  A worker ant (Zot)
  3 adders (Zot)
  A green rat (Zot)
  2 giant geckos (Zot)
  An orc (Zot)
  4 bats (Zot)
  3 giant cockroaches (Zot)
  3 goblins (Zot)
  2 hobgoblins (Zot)
  A jackal (Zot)
  A ball python (Zot)
  A kobold (Zot)
  4 quokkas (Zot)
41 creatures vanquished.

Vanquished Creatures (others)
  An oklob plant (Zot)
  A human skeleton (Zot)
  An iguana (Zot)
  An adder (Zot)
  An orc (Zot)
  4 goblins (Zot)
  A quokka (Zot)
  2 rats (Zot)
12 creatures vanquished.

Grand Total: 148 creatures vanquished

Notes
Turn   | Place    | Note
--------------------------------------------------------------
     0 | Zot      | Nivan, the Minotaur Fighter, began the quest for the Orb.
     0 | Zot      | Reached XP level 1. HP: 19/19 MP: 1/1
   216 | Zot      | Reached XP level 2. HP: 25/27 MP: 1/1
   227 | Zot      | Reached skill level 4 in Shields
   243 | Zot      | Reached XP level 3. HP: 28/33 MP: 2/2
   336 | Zot      | Reached XP level 4. HP: 38/40 MP: 2/2
   399 | Zot      | Reached skill level 1 in Dodging
   454 | Zot      | Reached skill level 5 in Shields
   454 | Zot      | Reached XP level 5. HP: 43/47 MP: 2/2
   537 | Zot      | Noticed Jessica
   545 | Zot      | Killed Jessica
   636 | Zot      | Noticed Pikel
   660 | Zot      | Killed Pikel
   660 | Zot      | Reached skill level 5 in Fighting
   660 | Zot      | Reached skill level 5 in Long Blades
   660 | Zot      | Reached skill level 6 in Armour
   660 | Zot      | Reached skill level 7 in Shields
   660 | Zot      | Reached XP level 6. HP: 10/56 MP: 3/3
   660 | Zot      | Reached XP level 7. HP: 10/61 MP: 3/3
   660 | Zot      | Reached XP level 8. HP: 11/69 MP: 3/3
   969 | Zot      | Reached skill level 5 in Dodging
  1074 | Zot      | Reached skill level 8 in Shields
  1074 | Zot      | Reached XP level 9. HP: 56/75 MP: 4/4
  1139 | Zot      | Noticed Sigmund
  1143 | Zot      | Killed Sigmund
  1935 | Zot      | Killed from afar by a vampire

Action                   |  1- 3 |  4- 6 |  7- 9 || total
-------------------------+-------+-------+-------++-------
Melee: Long sword        |    57 |    97 |   133 ||   287
 Abil: Make arrow trap   |       |       |     6 ||     6
       Make oklob plant  |       |       |     4 ||     4
  Use: Potion            |       |     1 |       ||     1
 Stab: Distracted        |       |       |     1 ||     1
